 Dungeon Crawl Stone Soup version 0.19.5 (webtiles) character file.

2128 SteveThePete the Cudgeler (level 9, -4/91 HPs)
             Began as a Troll Berserker on May 16, 2017.
             Was an Elder of Trog.
             Slain by Peloso's ghost (9 damage)
             ... on level 8 of the Dungeon.
             The game lasted 00:41:15 (7121 turns).

SteveThePete the Cudgeler (Troll Berserker)         Turns: 7121, Time: 00:41:16

Health: -4/91      AC:  9    Str: 30    XL:     9   Next: 8%
Magic:  8/8        EV: 12    Int:  3    God:    Trog [****..]
Gold:   408        SH:  0    Dex:  9    Spells: 0 memorised, 8 levels left

rFire  . . .     SeeInvis .     e - +0 mace (protect)
rCold  . . .     Gourm    +     q - +2 robe {Archmagi}
rNeg   . . .     Faith    .     (no shield)
rPois  .         Spirit   .     C - +2 hat {MR+}
rElec  .         Reflect  .     (no cloak)
rCorr  .         Harm     .     (gloves unavailable)
MR     +....                    (boots unavailable)
Stlth  +.........               w - amulet of regeneration
                                (no ring)
                                D - ring of flight

@: exhausted, slowed, very slow
A: unfitting armour, claws 3, fast metabolism 3, gourmand, regeneration 1,
shaggy fur 1, tough skin 2
a: Berserk, Trog's Hand, Brothers in Arms, Burn Spellbooks, Renounce Religion,
Evoke Flight


You were on level 8 of the Dungeon.
You worshipped Trog.
Trog was greatly pleased with you.
You were not hungry.

You visited 2 branches of the dungeon, and saw 9 of its levels.

You collected 408 gold pieces.

Inventory:

Hand Weapons
 a - a +0 mace
 e - a +0 mace of protection (weapon)
 p - a +0 trident
 r - a +0 scythe
Missiles
 d - 193 stones
 x - 16 tomahawks (quivered)
Armour
 q - a +2 robe of the Archmagi (worn)
 C - a +2 hat of magic resistance (worn)
Rods
 s - a -2 rod of ignition (12/12)
   (You found it on level 3 of the Dungeon)
Jewellery
 w - an amulet of regeneration (around neck)
 D - a ring of flight (left claw)
Wands
 G - a wand of digging (9/24)
Scrolls
 g - a scroll of identify
 h - 2 scrolls of teleportation {unknown}
 k - 3 scrolls of enchant armour {unknown}
 m - 5 scrolls of blinking {unknown}
 o - a scroll of immolation {unknown}
 t - a scroll of random uselessness {unknown}
 y - a scroll of enchant weapon {unknown}
 E - 2 scrolls of remove curse {unknown}
Potions
 b - a potion of resistance
 l - a potion of flight
 n - 2 potions of curing
 u - a potion of degeneration {unknown}
 v - a potion of mutation
 z - a potion of lignification {unknown}
 A - a potion of cancellation {unknown}
 F - a potion of brilliance {unknown}
Comestibles
 c - 3 bread rations
 f - a beef jerky
 i - 4 meat rations
 B - a fruit
 H - a slice of pizza


   Skills:
 + Level 6.3 Fighting
 + Level 6.8 Maces & Flails
 + Level 6.3 Dodging


You had 8 spell levels left.
You didn't know any spells.

Dungeon Overview and Level Annotations

Branches:
Dungeon (8/15)             Temple (1/1) D:4
   Lair: D:8-11

Altars:
Ashenzari
Cheibriados
Dithmenos
Elyvilon
Fedhas
Gozag
Hepliaklqana
Kikubaaqudgha
Makhleb
Nemelex Xobeh
Okawaru
Qazlal
Ru
Trog
Uskayaw
Vehumet
Xom
Yredelemnul
Zin
The Shining One

Shops:
D:4 ?   D:7 (

Annotations:
D:8 Peloso's ghost, novice MiFi; Prince Ribbit


Innate Abilities, Weirdness & Mutations

You are too large for most types of armour.
You have claws for hands.
Your metabolism is lightning-fast.
You like to eat raw meat.
Your natural rate of healing is unusually fast.
You are covered in fur. (AC +1)
You have very tough skin. (AC +2)


Message History

Peloso's ghost hits you! Peloso's ghost hits you.
You sock Peloso's ghost!
Peloso's ghost is severely damaged.
Peloso's ghost hits you!
* * * LOW HITPOINT WARNING * * *
Peloso's ghost closely misses you.
Prince Ribbit blinks!
Prince Ribbit completely misses you. Prince Ribbit hits you!
* * * LOW HITPOINT WARNING * * *
Peloso's ghost hits you.
* * * LOW HITPOINT WARNING * * *
As you read the scroll labeled GOPLACIPSA, it crumbles to dust.
You hear a loud clanging noise!
It was a scroll of noise.
You hear a shout! x5
Prince Ribbit hits you but does no damage.
Prince Ribbit hits you!
* * * LOW HITPOINT WARNING * * *
Peloso's ghost hits you!
You die...

........#
###.##..###
#....#
####..###
#.....#
#.##†## #
#.# #W# #@#
#F# #.# #.#
#.# #.# #.#
#.#
######.#


You could see Prince Ribbit and Peloso's ghost.

Vanquished Creatures
  A hippogriff (D:7)
  Sigmund (D:3)
  Edmund (D:6)
  A sky beast (D:7)
  An ice beast (D:7)
  A necrophage (D:7)
  2 centaurs
  4 bullfrogs
  3 scorpions
  4 howler monkeys
  3 crimson imps
  A centaur zombie (D:5)
  2 bullfrog skeletons (D:6)
  2 hounds
  Jessica (D:3)
  An orc wizard (D:5)
  4 worker ants
  A hound skeleton (D:5)
  7 gnolls
  11 adders
  An ooze (D:5)
  2 worms
  A dart slug (D:3)
  7 leopard geckos
  15 orcs
  8 bats
  4 giant cockroaches
  3 goblins (D:1)
  6 hobgoblins
  10 jackals
  5 kobolds
  A quokka (D:2)
  2 ball pythons
  3 frilled lizards
  A leopard gecko skeleton (D:6)
  A quokka zombie (D:5)
  8 rats
130 creatures vanquished.

Notes
Turn   | Place    | Note
-------+----------+-------------------------------------------
     0 | D:1      | SteveThePete the Troll Berserker began the quest for the Orb.
     0 | D:1      | Reached XP level 1. HP: 22/22 MP: 0/0
   244 | D:1      | Reached XP level 2. HP: 29/29 MP: 1/1
   980 | D:2      | Reached XP level 3. HP: 14/36 MP: 2/2
  1163 | D:2      | Reached ** piety under Trog
  1314 | D:2      | Reached XP level 4. HP: 44/44 MP: 3/3
  1506 | D:3      | Noticed Jessica
  1525 | D:3      | Killed Jessica
  1542 | D:3      | Noticed Sigmund
  1559 | D:3      | Killed Sigmund
  1559 | D:3      | Reached XP level 5. HP: 48/54 MP: 4/4
  1559 | D:3      | Reached XP level 6. HP: 55/62 MP: 5/5
  2706 | D:4      | Reached *** piety under Trog
  2706 | D:4      | Reached XP level 7. HP: 60/70 MP: 6/6
  2768 | D:4      | Found a hazy altar of Hepliaklqana.
  2772 | D:4      | Found a radiant altar of Vehumet.
  2891 | D:4      | Found Lahoar's Magic Scroll Shoppe.
  2952 | D:4      | Found a staircase to the Ecumenical Temple.
  3167 | D:4      | Reached skill level 5 in Maces & Flails
  3409 | Temple   | Entered the Ecumenical Temple
  3486 | D:5      | Entered Level 5 of the Dungeon
  4482 | D:6      | Noticed Edmund
  4500 | D:6      | Killed Edmund
  4500 | D:6      | Reached skill level 5 in Fighting
  4500 | D:6      | Reached skill level 5 in Dodging
  4500 | D:6      | Reached XP level 8. HP: 80/80 MP: 7/7
  4529 | D:6      | Found a blossoming altar of Fedhas.
  4842 | D:6      | Found a hide-covered altar of Uskayaw.
  5972 | D:6      | Paralysed by fainting for 10 turns
  6204 | D:7      | Found Ykan Logg's Antique Weapon Boutique.
  6290 | D:7      | Noticed a hippogriff
  6302 | D:7      | Killed a hippogriff
  6587 | D:7      | Reached **** piety under Trog
  6597 | D:7      | Reached XP level 9. HP: 89/89 MP: 8/8
  7083 | D:8      | Noticed Peloso's ghost (novice MiFi)
  7103 | D:8      | Noticed Prince Ribbit
  7121 | D:8      | Slain by Peloso's ghost

Skill      XL: |  1  2  3  4  5  6  7  8 |
---------------+-------------------------+-----
Maces & Flails | 3 4 5 6 |  6.8
Dodging        | 3 4 5 6 |  6.3
Fighting       | 3 4 5 6 |  6.3

Action                   |  1- 3 |  4- 6 |  7- 9 || total
-------------------------+-------+-------+-------++-------
Melee: Mace              |   119 |   162 |   433 ||   714
Throw: Stone             |       |    32 |     2 ||    34
       Tomahawk          |       |       |     7 ||     7
Invok: Berserk           |       |     2 |     5 ||     7
       Trog's Hand       |       |     1 |       ||     1
 Abil: Evoke Flight      |       |       |     2 ||     2
  Use: Scroll            |       |       |     5 ||     5
  Eat: Chunk             |    16 |    16 |    28 ||    60
       Bread ration      |       |       |     2 ||     2
       Fruit             |       |       |     2 ||     2
       Beef jerky        |       |       |     1 ||     1
Armor: Animal skin       |    33 |       |       ||    33
       Robe              |    38 |   118 |   239 ||   395
Dodge: Dodged            |    74 |   142 |   287 ||   503
